 Dungeon Crawl Stone Soup version 0.30.1-11-g7821555f0a (webtiles) character file.

Game seed: 10581463069637021198

105 Okkudo the Chopper (level 4, -3/39 HPs)
             Began as a Hill Orc Monk on Dec 3, 2023.
             Slain by a gnoll
             ... wielding a +0 spear
              (8 damage)
             ... on level 3 of the Dungeon.
             The game lasted 00:03:42 (1977 turns).

Okkudo the Chopper (Hill Orc Monk)                  Turns: 1977, Time: 00:03:42

Health: -3/39      AC:  5    Str: 15    XL:     4   Next: 81%
Magic:  4/4        EV: 11    Int: 10    God:
Gold:   67         SH:  0    Dex: 13    Spells: 3/3 levels left

rFire   . . .        a - +0 hand axe
rCold   . . .        d - orb {light}
rNeg    . . .        i - +0 ring mail
rPois   .            (no helmet)
rElec   .            (no cloak)
rCorr   .            (no gloves)
SInv    .            (no boots)
Will    .....        (no amulet)
Stlth   +            (no ring)
HPRegen 0.26/turn    (no ring)
MPRegen 0.09/turn

%: no passive effects
@: glowing
A: no striking features
a: no special abilities


You were on level 3 of the Dungeon.
You visited 1 branch of the dungeon, and saw 3 of its levels.

You collected 67 gold pieces.

Inventory:

Hand Weapons
 a - a +0 hand axe (weapon)
Armour
 d - an orb of light (worn)
 i - a +0 ring mail (worn)
Scrolls
 b - 3 scrolls of identify {unknown}
 e - a scroll of vulnerability {unknown}
 h - a scroll of enchant armour {unknown}
 j - a scroll of fog {unknown}
 k - a scroll of blinking {unknown}
 p - a scroll of noise {unknown}
Potions
 c - a potion of ambrosia
 f - 2 potions of attraction {unknown}
 g - a potion of flight {unknown}
 l - 3 potions of might {unknown}
 m - 2 potions of lignification {unknown}
 n - a potion of degeneration {unknown}
 o - a potion of mutation {unknown}


   Skills:
 - Level 3.6 Fighting
 * Level 7.1 Axes
 - Level 2.4 Dodging


You had 3 spell levels left.
You didn't know any spells.
Your spell library contained the following spells:

 Spells                   Type           Power      Damage    Failure   Level
 Shock                    Conj/Air       0%         1d3       58%         1
 Swiftness                Air            0%         N/A       92%         3
 Airstrike                Air            0%         2d(0-16)  100%        4


Dungeon Overview and Level Annotations

Branches:
Dungeon (3/15)

Altars:


Message History

The gnoll hits you from afar with a +0 spear.
You hit the gnoll.
The gnoll is heavily wounded.
You hit the gnoll but do no damage. You hit the gnoll but do no damage.
The gnoll is heavily wounded.
You barely miss the gnoll. The gnoll barely misses you.
The gnoll hits you with a +0 flail.
The gnoll hits you from afar with a +0 spear.
You hit the gnoll.
The gnoll is severely wounded.
You hit the gnoll. The gnoll closely misses you.
The gnoll hits you with a +0 flail. The gnoll closely misses you.
You hit the gnoll but do no damage.
The gnoll is severely wounded.
You hit the gnoll. The gnoll hits you with a +0 halberd.
The gnoll closely misses you.
The gnoll hits you from afar with a +0 spear.
* * * LOW HITPOINT WARNING * * *
You hit the gnoll.
You kill the gnoll!
You hit the gnoll. The gnoll barely misses you.
Your Axes skill increases to level 7!
The gnoll attacks as you move away! The gnoll barely misses you.
The gnoll hits you with a +0 flail.
* * * LOW HITPOINT WARNING * * *
The gnoll hits you but does no damage.
You see here a +0 halberd.
You hit the gnoll.
You kill the gnoll!
You hit the gnoll. The gnoll closely misses you. x2
The gnoll hits you with a +0 club.
* * * LOW HITPOINT WARNING * * *
The gnoll hits you but does no damage.
Things that are here:
a +0 flail; a gnoll corpse The gnoll barely misses you.
The gnoll closely misses you.
The gnoll hits you from afar with a +0 spear!
You die...

#.#.. #.#.# .
...# #P### #..#
......#..#
......#..#
.P.......#######.
#@.<.......
#g####.##..
#.g....#
.#.######o######
.........)#
###########


You could see 2 gnolls and an orc.

Vanquished Creatures
  2 gnolls (D:3)
  4 adders (D:2)
  A ball python (D:1)
  6 endoplasms
  2 giant cockroaches
  3 goblins
  3 hobgoblins
  11 jackals
  A quokka (D:2)
  4 bats
  2 frilled lizards
  3 kobolds
  4 rats
46 creatures vanquished.

Notes
Turn   | Place    | Note
-------+----------+-------------------------------------------
     0 | D:1      | Okkudo the Hill Orc Monk began the quest for the Orb.
     0 | D:1      | Reached XP level 1. HP: 19/19 MP: 1/1
    39 | D:1      | Reached XP level 2. HP: 13/26 MP: 2/2
   266 | D:1      | Reached skill level 5 in Axes
   404 | D:1      | Reached XP level 3. HP: 30/31 MP: 3/3
   548 | D:1      | Found a faded altar of an unknown god.
  1000 | D:2      | Reached skill level 6 in Axes
  1191 | D:2      | Reached XP level 4. HP: 39/39 MP: 4/4
  1972 | D:3      | Reached skill level 7 in Axes
  1977 | D:3      | Slain by a gnoll

Illustrated notes

Levels and vault maps discovered:
D:1:      eino_arrival_tree_alley, layout_basic,
          shapermc_ecumenical_altar_acropolis
D:2:      layout_basic, moated_statue
D:3:      cheibrodos_old_hovel, layout_loops_ring, lemuel_crystal_altar,
          mainiacjoe_overflow_swirl, minmay_cut_off, uniq_grinder

Skill      XL: |  1  2  3  4 |
---------------+-------------+-----
Axes           | 5 6 7 |  7.1
Fighting       | |  3.6
Dodging        | |  2.4

Action                     |  1- 3 |  4- 6 || total
---------------------------+-------+-------++-------
  Melee: Hand axe          |    86 |    44 ||   130
 Armour: Robe              |     6 |       ||     6
         Ring mail         |    14 |    14 ||    28
  Dodge: Dodged            |    46 |    33 ||    79
